 Dungeon Crawl Stone Soup version 0.21.0-3-g78d12a8bdd (webtiles) character file.

4109 NullDivider the Covert (level 10, -3/67 HPs)
             Began as an Octopode Artificer on Jan 11, 2018.
             Was a Believer of Nemelex Xobeh.
             Slain by a bullfrog (5 damage)
             ... on level 10 of the Dungeon.
             The game lasted 00:48:56 (11053 turns).

NullDivider the Covert (Octopode Artificer)        Turns: 11053, Time: 00:48:57

Health: -3/67      AC:  1    Str: 12    XL:     10   Next: 26%
Magic:  15/15      EV: 25    Int: 13    God:    Nemelex Xobeh [**....]
Gold:   772        SH:  0    Dex: 21    Spells: 9/9 levels left

rFire    . . .     SeeInvis .   K - +1 dagger (venom)
rCold    . . .     Gourm    .   (no shield)
rNeg     + . .     Faith    .   (helmet restricted)
rPois    .         Spirit   .   (no amulet)
rElec    .         Reflect  .   z - ring of positive energy
rCorr    .         Harm     .   J - ring of stealth
MR       .....                  (no ring)
Stlth    ++++++++..             (no ring)
HPRegen  0.21/turn              (no ring)
MPRegen  0.14/turn              (no ring)
                                (no ring)
                                (no ring)

@: agile
A: almost no armour, stealthy swim, amphibious, 8 rings, constrict 8, camouflage
1, gelatinous body 1
a: Renounce Religion


You were on level 10 of the Dungeon.
You worshipped Nemelex Xobeh.
Nemelex Xobeh was pleased with you.
You were hungry.

You visited 1 branch of the dungeon, and saw 10 of its levels.

You collected 772 gold pieces.

Inventory:

Hand Weapons
 o - a +0 falchion of flaming
 K - a +1 dagger of venom (weapon)
 M - a +0 dagger of electrocution
Jewellery
 z - a ring of positive energy (left tentacle)
 J - a ring of stealth (right tentacle)
Wands
 b - a wand of clouds (2)
 c - a wand of enslavement (13)
 d - a wand of random effects (78)
 I - a wand of iceblast (7)
Scrolls
 a - 2 scrolls of enchant weapon {unknown}
 e - 4 scrolls of remove curse
 g - 2 scrolls of enchant armour
 h - 2 scrolls of amnesia {unknown}
 k - a scroll of blinking {unknown}
 l - a scroll of magic mapping {unknown}
 n - 4 scrolls of teleportation
 u - a scroll of fog {unknown}
 w - 2 scrolls of random uselessness {unknown}
 y - a scroll of brand weapon {unknown}
 B - a scroll of vulnerability {unknown}
 D - a scroll of identify
 F - 2 scrolls of immolation {unknown}
Potions
 i - 3 potions of heal wounds
 j - 2 potions of mutation {unknown}
 m - 6 potions of curing
 p - a potion of haste {unknown}
 q - a potion of flight {unknown}
 r - 3 potions of agility
 s - a potion of ambrosia {unknown}
 t - 4 potions of brilliance
 x - a potion of degeneration {unknown}
 A - a potion of invisibility {unknown}
 H - 2 potions of might {unknown}
Books
 v - a book of Necromancy

   Spells                             Type                      Level
   a - Pain                           Necromancy                   1
   b - Animate Skeleton               Necromancy                   1
   c - Vampiric Draining              Necromancy                   3
   d - Regeneration                   Charms/Necromancy            3
   e - Animate Dead                   Necromancy                   4
   f - Borgnjor's Vile Clutch         Necromancy/Earth             5
 E - a book of Conjurations

   Spells                             Type                      Level
   a - Magic Dart                     Conjuration                  1
   b - Searing Ray                    Conjuration                  2
   c - Dazzling Spray                 Conjuration/Hexes            3
   d - Fulminant Prism                Conjuration/Hexes            4
   e - Force Lance                    Conjuration/Translocation    4
   f - Iskenderun's Mystic Blast      Conjuration                  4
 G - a book of Battle

   Spells                             Type                      Level
   a - Infusion                       Charms                       1
   b - Shroud of Golubria             Charms/Translocation         2
   c - Song of Slaying                Charms                       2
   d - Spectral Weapon                Hexes/Charms                 3
   e - Regeneration                   Charms/Necromancy            3
Miscellaneous
 C - a plain deck of summoning {drawn: 2}
Comestibles
 f - 10 rations


   Skills:
 + Level 5.6 Fighting
 + Level 2.4(3.9) Short Blades
 - Level 4.6(5.0) Long Blades
 * Level 8.1 Dodging
 + Level 10.7 Stealth
 + Level 7.0 Evocations


You had 9 spell levels left.
You didn't know any spells.

Dungeon Overview and Level Annotations

Branches:
Dungeon (10/15)            Temple (0/1) D:7            Lair (0/6) D:10
    Orc: D:9-12

Altars:
Ashenzari
Elyvilon
Kikubaaqudgha
Nemelex Xobeh
Qazlal
Vehumet
Xom
Yredelemnul
Zin
The Shining One

Shops:
D:4 *

Annotations:
D:4 Edmund


Innate Abilities, Weirdness & Mutations

You cannot wear most types of armour.
You are very stealthy in the water. (Stealth+)
You are amphibious.
You can wear up to eight rings at the same time.
You can use your tentacles to constrict eight enemies at once.
Your skin changes colour to match your surroundings (Stealth+).
Your rubbery body absorbs attacks. (AC +1, EV +1)


Message History

Something bites the plant!
You feel agile all of a sudden. Something hits you.
* * * LOW HITPOINT WARNING * * *
The bullfrog completely misses you.
Something bites the plant.
Something claws the plant but does no damage. x2
Something bites the plant.
The bullfrog completely misses you. Something completely misses you.
Something bites the plant but does no damage.
Something claws the plant but does no damage.
Something claws the plant.
Something bites the plant but does no damage.
Something misses you. The bullfrog misses you. Something barely misses you.
Something closely misses you. Something completely misses you.
Something hits you!
* * * LOW HITPOINT WARNING * * *
The bullfrog hits you.
You die...
Your body disappears without a glow.

..............................
.####..#####..####........... ..
#..# #..####..........#
....####..# #...>....#####...#
..........#####........#####...#
................................
...######.......................
. #....#.......####+########'##
#....#......@# #.......
#....#.....F.# #.......
+....#..##...# #.......
#....#.......# #.......
#....#.......# ########
#....#.......# .+............+
.....P.P..###...#
......P.....#...#


You could see a bullfrog.

Vanquished Creatures
  An ugly thing (D:9)
  Joseph (D:7)
  2 hippogriffs (D:9)
  A human (D:9)
  Menkaure (D:6)
  A water moccasin (D:7)
  A porcupine (D:10)
  An ice beast (D:8)
  A sky beast (D:5)
  An orc warrior (D:9)
  A phantom (D:6)
  2 centaurs
  2 ogres
  The ghost of zkobry the Insei, an amateur HaTm of Elyvilon (D:4)
  Blork the orc (D:4)
  2 bullfrogs
  A wyvern skeleton (D:8)
  4 scorpions
  4 killer bees (D:7)
  A crimson imp (D:9)
  A quasit (D:6)
  A bullfrog zombie (D:5)
  5 hounds
  A gnoll shaman (D:6)
  A jelly (D:8)
  4 orc priests
  4 bullfrog skeletons
  Ijyb (D:4)
  4 orc wizards (D:9)
  8 worker ants
  A hound zombie (D:9)
  3 gnolls (D:6)
  7 adders
  3 shadow imps
  2 oozes
  An adder skeleton (D:6)
  An adder zombie (D:5)
  4 worms
  2 dart slugs
  6 leopard geckos
  17 orcs
  5 bats
  4 giant cockroaches
  7 goblins
  5 hobgoblins
  13 jackals
  6 kobolds
  4 quokkas
  3 ball pythons
  A frilled lizard (D:3)
  2 leopard gecko skeletons
  A quokka skeleton (D:5)
  5 rats
  A fungus (D:6)
164 creatures vanquished.

Vanquished Creatures (collateral kills)
  An orc priest (D:6)
1 creature vanquished.

Vanquished Creatures (others)
  A sky beast (D:7)
  2 fungi (D:10)
  A plant (D:10)
4 creatures vanquished.

Grand Total: 169 creatures vanquished

Notes
Turn   | Place    | Note
-------+----------+-------------------------------------------
     0 | D:1      | NullDivider the Octopode Artificer began the quest for the Orb.
     0 | D:1      | Reached XP level 1. HP: 13/13 MP: 3/3
   385 | D:1      | Reached skill level 2 in Stealth
   385 | D:1      | Reached XP level 2. HP: 8/18 MP: 4/4
  1255 | D:1      | Reached XP level 3. HP: 20/23 MP: 5/5
  1442 | D:2      | Reached skill level 3 in Stealth
  1534 | D:2      | Found an ancient bone altar of Kikubaaqudgha.
  1943 | D:3      | Reached XP level 4. HP: 29/29 MP: 6/6
  2796 | D:4      | Reached XP level 5. HP: 30/34 MP: 7/7
  2848 | D:4      | Noticed Blork the orc
  2874 | D:4      | Killed Blork the orc
  2874 | D:4      | Reached skill level 1 in Long Blades
  2874 | D:4      | Reached skill level 4 in Stealth
  2953 | D:4      | Reached XP level 6. HP: 34/40 MP: 7/9
  3326 | D:4      | Noticed zkobry's ghost (amateur HaTm)
  3354 | D:4      | Killed zkobry's ghost
  3354 | D:4      | Reached skill level 5 in Stealth
  3430 | D:4      | Noticed Ijyb
  3439 | D:4      | Killed Ijyb
  3554 | D:4      | Noticed Edmund
  3571 | D:4      | Reached XP level 7. HP: 32/45 MP: 10/10
  3669 | D:4      | You fall through a shaft for 2 floors!
  3674 | D:5      | Entered Level 5 of the Dungeon
  4178 | D:4      | Found Foebeda's General Store.
  4393 | D:5      | Found a shimmering altar of Xom.
  4401 | D:5      | Reached skill level 6 in Stealth
  4617 | D:5      | Found a radiant altar of Vehumet.
  4952 | D:5      | Reached skill level 5 in Dodging
  4952 | D:5      | Reached XP level 8. HP: 52/52 MP: 11/11
  5527 | D:6      | Reached skill level 5 in Evocations
  5570 | D:6      | Reached skill level 7 in Stealth
  6171 | D:6      | Noticed Menkaure
  6385 | D:6      | Killed Menkaure
  6748 | D:7      | Found a glowing golden altar of the Shining One.
  6789 | D:7      | Found a shattered altar of Ashenzari.
  6790 | D:7      | Found a sparkling altar of Nemelex Xobeh.
  6795 | D:7      | Became a worshipper of Nemelex Xobeh the Trickster
  6808 | D:7      | Received a gift from Nemelex Xobeh
  6819 | D:7      | Found a staircase to the Ecumenical Temple.
  6830 | D:7      | Reached skill level 8 in Stealth
  6958 | D:7      | Noticed Joseph
  6972 | D:7      | Killed Joseph
  6972 | D:7      | Reached XP level 9. HP: 39/59 MP: 13/13
  7254 | D:6      | Reached skill level 9 in Stealth
  8083 | D:7      | Noticed a two-headed ogre
  8541 | D:8      | Received a gift from Nemelex Xobeh
  8616 | D:8      | Reached * piety under Nemelex Xobeh
  8618 | D:8      | Found a white marble altar of Elyvilon.
  9514 | D:9      | Reached skill level 5 in Fighting
  9613 | D:9      | Reached skill level 10 in Stealth
 10014 | D:9      | Noticed a cyan ugly thing
 10030 | D:9      | Killed a cyan ugly thing
 10030 | D:9      | Reached XP level 10. HP: 45/66 MP: 13/15
 10507 | D:9      | Found a faded altar of an unknown god.
 10507 | D:9      | Found a stormy altar of Qazlal.
 10513 | D:9      | Found a glowing silver altar of Zin.
 10515 | D:9      | Found a basalt altar of Yredelemnul.
 10517 | D:9      | Found a faded altar of an unknown god.
 10864 | D:10     | Entered Level 10 of the Dungeon
 10864 | D:10     | Reached ** piety under Nemelex Xobeh
 10925 | D:10     | Found a staircase to the Lair.
 11053 | D:10     | HP: 2/67 [something (10)]
 11053 | D:10     | Slain by a bullfrog

Skill      XL: |  1  2  3  4  5  6  7  8  9 10 |
---------------+-------------------------------+-----
Stealth        | 2 3 4 5 6 8 10 | 10.7
Dodging        | 3 4 5 6 7 8 |  8.1
Fighting       | 2 3 4 5 |  5.6
Long Blades    | 1 2 3 4 |  4.6
Evocations     | 4 5 6 7 |  7.0
Short Blades   | 2 |  2.4

Action                   |  1- 3 |  4- 6 |  7- 9 | 10-12 || total
-------------------------+-------+-------+-------+-------++-------
Melee: Short sword       |    70 |     8 |       |       ||    78
       Tentacles         |    14 |    22 |    78 |     8 ||   122
       Constrict         |    18 |    23 |    64 |     5 ||   110
       Falchion          |       |    74 |   250 |       ||   324
       Dagger            |       |       |    10 |    31 ||    41
Evoke: Wand              |       |     9 |    14 |       ||    23
       Deck              |       |       |    11 |       ||    11
  Use: Potion            |       |       |     4 |     2 ||     6
       Scroll            |       |       |     5 |     1 ||     6
 Stab: Sleeping          |     7 |     7 |    18 |     7 ||    39
  Eat: Chunk             |     2 |     6 |    11 |     2 ||    21
       Ration            |       |       |     3 |       ||     3
Armor: Skin              |    11 |     1 |    10 |     1 ||    23
Dodge: Dodged            |    43 |    47 |   264 |    30 ||   384
       Rpst.: Falchion   |       |    15 |    70 |       ||    85
